Cogmind - Beta 14 @@@ ROGUE MODE // 2024.10.22 @ 11:04:53 Player: star Result: Destroyed by Y-54 Guardian with Flak Gun Performance ------------- Evolutions (0) 0 Regions Visited (3) 600 Robots Destroyed (14) 70 Value Destroyed (311) 311 Prototype IDs (12) 240 Alien Tech Used (0) 0 Bonus (-335) -335 TOTAL SCORE: 886 Bonus ------- Follower Combat Kills 122 Friendly Fire -457 Cogmind --------- Core Integrity 0/250 Matter 113/300 Energy 95/100 System Corruption 0% Temperature Warm (120) Movement Treading (360) Ox2 Location -7/Recycling Parts ------- > --- POWER (1) -------- Subdweller Power Source > --- PROPULSION (2) --- Spiked Treads Spiked Treads > --- UTILITY (2) ------ Huge Storage Unit V3-11A's Pendant > --- WEAPON (2) ------- Subdweller Machine Gun Slug Cannon > --- INVENTORY (25) --- Subdweller Power Source Subdweller Power Source Meta Core Wheel Subdweller Monowheel Subdweller Monowheel Subdweller Monowheel Humpback High-capacity Matter Pod (0) Makeshift Light Armor Plating Makeshift Thermal Plating Scrap Shield Scrap Shield Subdweller Laser Light Assault Rifle Battle Rifle Subdweller Machine Gun Subdweller Machine Gun Subdweller Shrapnel Launcher Ripper Peak State ------------ > --- POWER ------------ Subdweller Power Source > --- PROPULSION ------- Spiked Treads Subdweller Monowheel > --- UTILITY ---------- Huge Storage Unit V3-11A's Pendant > --- WEAPON ----------- Subdweller Machine Gun Slug Cannon > --- INVENTORY -------- Subdweller Power Source Subdweller Power Source Meta Core Spiked Treads Wheel Subdweller Monowheel Subdweller Monowheel Humpback High-capacity Matter Pod Makeshift Light Armor Plating Makeshift Thermal Plating Scrap Shield Scrap Shield Subdweller Laser Light Assault Rifle Battle Rifle Subdweller Machine Gun Subdweller Machine Gun Subdweller Shrapnel Launcher Ripper [Rating: 21] Favorites ----------- Power Ion Engine Engine Ion Engine Propulsion Subdweller Monowheel Treads Spiked Treads Wheel Subdweller Monowheel Utility V3-11A's Pendant Device V3-11A's Pendant Storage Huge Storage Unit Protection Scrap Shield Weapon Battle Cannon Ballistic Gun Assault Rifle Ballistic Cannon Battle Cannon Launcher Subdweller Shrapnel Launcher Build | -11 -10 -10 -7 ------- Run | Yrd Mat Sub Rec Slots Evolved . | . . . . Power . | . . . . Propulsion . | . . . . Utility . | . . . . Weapon . | . . . . Parts Attached 37 | 6 4 23 4 Power 3 | 1 1 1 . Engine 3 | 1 1 1 . Core . | . . . . Reactor . | . . . . Propulsion 18 | 2 1 13 2 Treads 4 | . . 3 1 Leg . | . . . . Wheel 14 | 2 1 10 1 Hover . | . . . . Flight . | . . . . Utility 5 | 1 . 4 . Device 2 | . . 2 . Storage 2 | 1 . 1 . Processor . | . . . . Hackware . | . . . . Protection 1 | . . 1 . Artifact . | . . . . Weapon 11 | 2 2 5 2 Energy Gun . | . . . . Energy Cannon . | . . . . Ballistic Gun 4 | 2 1 . 1 Ballistic Cannon 6 | . 1 4 1 Launcher 1 | . . 1 . Special Weapon . | . . . . Impact Weapon . | . . . . Slashing Weapon . | . . . . Piercing Weapon . | . . . . Special Melee Weapon . | . . . . Unidentified Prototypes 1 | . . 1 . Parts Lost 3 | . . 1 2 Power 1 | . . 1 . Propulsion . | . . . . Utility . | . . . . Weapon 2 | . . . 2 Highest Loss Streak 2 | . . 1 2 To Critical Strikes . | . . . . Average Slot Usage (%) 95 | . 84 96 100 Engine 13 | . 14 13 14 Treads 5 | . . 4 24 Wheel 22 | . 27 23 3 Device 10 | . . 10 14 Storage 11 | . 14 10 14 Protection 2 | . . 3 . Ballistic Gun 2 | . 26 . 12 Ballistic Cannon 24 | . 1 26 16 Launcher 1 | . . 1 . Peak Build Rating 21 | 6 6 20 21 Average Rating 16 | 4 5 17 20 On Entrance 8 | . 6 6 20 Naked Turns . | . . . . Heaviest Build 97 | 14 15 97 97 Greatest Support 40 | 20 20 40 40 Greatest Overweight (x) 4 | . 1 4 4 Average Overweight (x) 1 | . . 2 2 Largest Inventory Capacity 25 | 8 8 25 25 Average Capacity 19 | 7 8 19 25 Most Carried 25 | 2 8 25 25 Average Carried 17 | . 6 18 23 Final Capacity 25 | 8 8 25 25 Final Carried 25 | 2 8 25 23 Class Distribution -------------------- 82% | Mutant 10% | Derelict-Mutant 7% | Subdweller-Mutant Dominant Class ---------------- Mutant | -10/Materials Mutant | -10/Subcaves Derelict-Mutant | -7/Recycling Resources | -11 -10 -10 -7 ----------- Run | Yrd Mat Sub Rec Matter Collected 1757 | 257 166 1269 65 Remotely . | . . . . Salvage Created 268 | . 84 146 38 Parts 21 | . 9 9 3 Haulers Intercepted 1 | . 1 . . Recyclers Shooed . | . . . . Parts Field Recycled . | . . . . Retrieved Matter . | . . . . Parts Self-Destructed 17 | . . 17 . Prevented . | . . . . Kills | -11 -10 -10 -7 ------- Run | Yrd Mat Sub Rec Combat Hostiles Destroyed 11 | . 3 7 1 Guns 3 | . 3 . . Cannons 8 | . . 7 1 Classes Destroyed 4 | . 2 2 . Hauler 1 | . 1 . . Swarmer 5 | . 3 2 . Sentry 2 | . . 1 1 Subdweller 6 | . . 6 . Best Kill Streak 3 | . 3 2 1 Combat Bots Only 3 | . 3 2 1 Max Kills in Single Turn 1 | . 1 1 1 Gunslinging . | . . . . Exploded . | . . . . Melee . | . . . . Uniques/NPCs Destroyed . | . . . . Combat | -11 -10 -10 -7 -------- Run | Yrd Mat Sub Rec Hostile Shots Fired 165 | . 14 59 92 Missed 57 | . . 25 32 Damage Taken 1229 | . 113 650 466 Core 254 | . 8 179 67 Absorbed by Shields . | . . . . Core Remaining (%) 100 | 100 . . . Volleys Fired 90 | . 18 62 10 Largest 2 | . 2 2 2 Hottest 78 | . 40 78 78 Shots Fired 139 | . 27 92 20 Gun 26 | . 18 . 8 Cannon 90 | . 9 69 12 Launcher 23 | . . 23 . Special . | . . . . Kinetic 139 | . 27 92 20 Thermal . | . . . . Explosive . | . . . . Electromagnetic . | . . . . Robot Hit Streak 10 | . 4 8 10 Robot Miss Streak 7 | . 7 2 4 Penetration Max . | . . . . Secondary Targets . | . . . . Shots Hit Robots 53 | . 7 33 13 Core Hits 26 | . 4 20 2 Critical Kills . | . . . . Critical Parts Destroyed 2 | . . . 2 Critical Strikes 3 | . . 1 2 Destroy 2 | . . . 2 Blast 1 | . . 1 . Melee Attacks . | . . . . Impact . | . . . . Slashing . | . . . . Piercing . | . . . . Sneak Attacks . | . . . . Combat Hostiles . | . . . . Follow-up Attacks . | . . . . Damage Inflicted 1425 | . 139 962 324 Guns 279 | . 139 . 140 Cannons 900 | . . 716 184 Explosions 246 | . . 246 . Melee . | . . . . Ramming . | . . . . Kinetic 1425 | . 139 962 324 Thermal . | . . . . Explosive . | . . . . Electromagnetic . | . . . . Impact . | . . . . Slashing . | . . . . Piercing . | . . . . Highest Corruption . | . . . . Average Corruption . | . . . . Corruption Purged . | . . . . Corruption Blocked . | . . . . Overload Shots . | . . . . Overflow Damage 27 | . . 9 18 Projectiles 27 | . . 9 18 Explosions . | . . . . Melee . | . . . . Knockbacks 4 | . . 4 . Impact . | . . . . Kinetic 4 | . . 4 . Secondary . | . . . . Self-Inflicted Damage 87 | . . 87 . Shots 4 | . . 4 . Rammed . | . . . . Targets Rammed . | . . . . Kicked . | . . . . Crushed . | . . . . Highest Temperature 102 | . . . 102 Average Temperature 31 | . . . 31 Received Heat Transfer 294 | . . 132 162 Siege Activations . | . . . . Robots Corrupted . | . . . . Combat Hostiles . | . . . . Parts Fried . | . . . . Impact Corruptions . | . . . . Robots Melted . | . . . . Combat Hostiles . | . . . . Parts Melted . | . . . . Heat Transferred . | . . . . Parts Sabotaged . | . . . . Parts Stolen . | . . . . Parts Stripped . | . . . . Power Chain Reactions . | . . . . Alert | -11 -10 -10 -7 ------- Run | Yrd Mat Sub Rec Peak Influence 152 | . 152 . 21 Initial 19 | . . . 19 Average 45 | . 81 . 18 Maximum Alert Level . | . . . . Low Security (%) 100 | 100 100 . 100 Level 1 . | . . . . Level 2 . | . . . . Level 3 . | . . . . Level 4 . | . . . . Level 5 . | . . . . High Security . | . . . . Max Security . | . . . . Squads Dispatched . | . . . . Investigation . | . . . . Extermination . | . . . . Reinforcement . | . . . . Assault . | . . . . Garrison . | . . . . Intercept . | . . . . Searches Triggered . | . . . . Construction Impeded . | . . . . Haulers Reinforced . | . . . . Active Scanning Responses . | . . . . Cargo Convoy Interrupts . | . . . . Stealth | -11 -10 -10 -7 --------- Run | Yrd Mat Sub Rec Distress Signals 1 | . 1 . . Communications Jammed . | . . . . Distress Signals . | . . . . Times Spotted 33 | . 6 24 3 Peak Tracking Total 6 | . 6 6 2 Tactical Retreats 4 | . 1 3 . Traps | -11 -10 -10 -7 ------- Run | Yrd Mat Sub Rec Traps Triggered 2 | . 1 1 . Indirectly . | . . . . Trap Hack Attempts . | . . . . Triggered . | . . . . Disarmed . | . . . . Reprogrammed . | . . . . Reused . | . . . . Traps Extracted . | . . . . Installed . | . . . . Triggered 2 | . . 2 . Machines | -11 -10 -10 -7 ---------- Run | Yrd Mat Sub Rec Machines Disabled 4 | . . 4 . Max in Single Turn 1 | . . 1 . Machines Repaired . | . . . . Machines Dismantled . | . . . . Machines Sabotaged . | . . . . Overloaded Fab Kills . | . . . . Hacking | -11 -10 -10 -7 --------- Run | Yrd Mat Sub Rec Machines Accessed 2 | . . 2 . Terminals . | . . . . Fabricators . | . . . . Repair Stations . | . . . . Recycling Units . | . . . . Scanalyzers . | . . . . Garrison Access . | . . . . Total Hacks 5 | . . 5 . Successful 5 | . . 5 . Failed . | . . . . Catastrophic . | . . . . Database Lockouts . | . . . . Manual . | . . . . Terminals . | . . . . Fabricators . | . . . . Repair Stations . | . . . . Recycling Units . | . . . . Scanalyzers . | . . . . Garrison Access . | . . . . Terminal Hacks 5 | . . 5 . Record 4 | . . 4 . Derelict Proto ID Bank 1 | . . 1 . Fabricator Hacks . | . . . . Repair Station Hacks . | . . . . Recycling Unit Hacks . | . . . . Scanalyzer . | . . . . Garrison Access Hacks . | . . . . Unauthorized Hacks . | . . . . Terminals . | . . . . Fabricators . | . . . . Repair Stations . | . . . . Recycling Units . | . . . . Scanalyzers . | . . . . Garrison Access . | . . . . Data Cores Recovered . | . . . . Used . | . . . . Hacking Detections . | . . . . Full Trace Events . | . . . . Feedback Events . | . . . . Feedback Blocked . | . . . . Robot Schematics Acquired . | . . . . Robots Built . | . . . . Authchips . | . . . . Time . | . . . . Total Robot Build Rating . | . . . . Part Schematics Acquired . | . . . . Parts Built . | . . . . Authchips . | . . . . Time . | . . . . Total Part Build Rating . | . . . . Parts Repaired . | . . . . Time . | . . . . Parts Recycled . | . . . . Recycled Matter . | . . . . Retrieved Matter . | . . . . Retrieved Components . | . . . . Parts Scanalyzed . | . . . . Part Schematics Acquired . | . . . . Parts Damaged . | . . . . Bothacking | -11 -10 -10 -7 ------------ Run | Yrd Mat Sub Rec Used RIF Installer . | . . . . Robots Hacked . | . . . . Non-combat . | . . . . Combat . | . . . . Robot Hacks Applied . | . . . . Relay Couplers Released . | . . . . Fabnet Peak Effective % . | . . . . Robots Rewired . | . . . . Allies Hacked . | . . . . Hacks Repelled . | . . . . Allies | -11 -10 -10 -7 -------- Run | Yrd Mat Sub Rec Total Allies 11 | . . 11 . Largest Group 7 | . . 7 3 Highest-Rated Group 133 | . . 133 57 Highest-Rated Ally 19 | . . 19 19 Total Orders . | . . . . Ally Attacks 52 | . . 44 8 Total Damage 975 | . . 867 108 Kills 7 | . . 7 . Allies Corrupted . | . . . . Allies Melted . | . . . . Intel | -11 -10 -10 -7 ------- Run | Yrd Mat Sub Rec Robot Analysis Total . | . . . . Derelict Logs Recovered 1 | . . 1 . Drone Launches . | . . . . Drone Recoveries . | . . . . Exploration | -11 -10 -10 -7 ------------- Run | Yrd Mat Sub Rec Turns Passed 4233 | 39 256 3656 282 Spaces Moved 2266 | 35 159 2009 63 Core 2 | 2 . . . Treads 322 | . . 259 63 Legs . | . . . . Wheels 1942 | 33 159 1750 . Hover . | . . . . Flight . | . . . . Fastest Speed 50 | 50 80 80 360 Average Speed 158 | 78 80 159 385 Slowest Speed 560 | 80 95 560 560 Overloaded Moves . | . . . . Propulsion Burnouts . | . . . . Robots Hopped . | . . . . Cave-ins Triggered . | . . . . Exploration Rate (%) 29 | 3 23 78 12 Regions Visited 3 Branch Regions 2 Pre-discovered Areas 2 | . . 2 . Known Exits Taken . | . . . . Unknown Exits Taken 3 | 1 1 1 . Scrap Searched 15 | . . 15 . Spaces Dug 2 | . . 2 . Terrain Destroyed 383 | . . 382 1 Melee . | . . . . Projectile 6 | . . 5 1 AOE 377 | . . 377 . Terrain Rammed . | . . . . Walls Destroyed . | . . . . Machines Disabled . | . . . . Actions | -11 -10 -10 -7 --------- Run | Yrd Mat Sub Rec Total 2768 | 43 258 2383 84 Wait 308 | 1 72 228 7 Move 2263 | 34 158 2008 63 Hop . | . . . . Pick Up 42 | 2 6 34 . Fast Attach 13 | 6 3 4 . Attach 3 | . . 1 2 Detach . | . . . . Swap 21 | . 1 18 2 Drop 25 | . . 25 . Fire 90 | . 18 62 10 Melee . | . . . . Ram . | . . . . Kick . | . . . . Crush . | . . . . Escape Stasis . | . . . . Rewire . | . . . . Trap . | . . . . Miscellaneous 3 | . . 3 . Route ------- -11/Scrapyard -10/Materials (discovered 2 exits: [*Mat] / *Sub) -10/Subcaves (discovered 3 exits: [*Mat x2] / [*Rec]) -7/Recycling History --------- Turn | Location | Event 15 | -11/Scrapyard | Discovered new exit (range 16) 40 | -11/Scrapyard | Entered Materials 96 | -10/Materials | Discovered new exit (range 15) 293 | -10/Materials | Discovered new exit (range 3) 296 | -10/Materials | Entered Subcaves 299 | -10/Subcaves | Learned location of Storage (-7) 328 | -10/Subcaves | Build established: Mutant 428 | -10/Subcaves | A swath of the cavern ceiling suddenly collapsed 550 | -10/Subcaves | Visited 4L-MR0's lab 696 | -10/Subcaves | Disturbed a concealed Subdweller 705 | -10/Subcaves | Disturbed a concealed Subdweller 717 | -10/Subcaves | Disturbed a concealed Subdweller 1068 | -10/Subcaves | Build established: Subdweller-Mutant 1180 | -10/Subcaves | Visited triangular shrine 1193 | -10/Subcaves | Found Prototype Device 1193 | -10/Subcaves | Identified V3-11A's Pendant 1198 | -10/Subcaves | Befriended Subdweller 1451 | -10/Subcaves | Found Meta Core 1582 | -10/Subcaves | Build established: Mutant 1940 | -10/Subcaves | Discovered new exit (range 5) 1968 | -10/Subcaves | Befriended Subdweller 2184 | -10/Subcaves | Approached by friendly Subdweller 2208 | -10/Subcaves | Befriended Subdweller 2208 | -10/Subcaves | Befriended Subdweller 2282 | -10/Subcaves | Discovered new exit (range 15) 2333 | -10/Subcaves | Befriended Subdweller 2388 | -10/Subcaves | Visited Clippyterm 2392 | -10/Subcaves | Learned 40 Factory zone layouts 2415 | -10/Subcaves | Learned location of Zion (-6) 2415 | -10/Subcaves | Met a Zionite searching for "candidates" 2534 | -10/Subcaves | Ambushed by Subdweller buried in earth 2545 | -10/Subcaves | Ambushed by Subdweller buried in earth 2545 | -10/Subcaves | Ambushed by Subdweller buried in earth 2548 | -10/Subcaves | Befriended Subdweller 2548 | -10/Subcaves | Befriended Subdweller 2564 | -10/Subcaves | Ambushed by Subdweller buried in earth 2585 | -10/Subcaves | Ambushed by Subdweller buried in earth 2585 | -10/Subcaves | Ambushed by Subdweller buried in earth 2588 | -10/Subcaves | Befriended Subdweller 2642 | -10/Subcaves | Ambushed by Subdweller buried in earth 2643 | -10/Subcaves | Befriended Subdweller 2768 | -10/Subcaves | Core integrity fell below 50% 2772 | -10/Subcaves | Ambushed by Subdweller buried in earth 2773 | -10/Subcaves | Befriended Subdweller 3035 | -10/Subcaves | A swath of the cavern ceiling suddenly collapsed 3109 | -10/Subcaves | Shifting Twisted Machinery released Battle Rifle 3844 | -10/Subcaves | Lost 3 allies 3851 | -10/Subcaves | Discovered new exit (range 16) 3952 | -10/Subcaves | Entered Recycling 3952 | -7/Recycling | Accompanied by 3 allies 4001 | -7/Recycling | Core integrity fell below 20% 4016 | -7/Recycling | Lost 3 allies 4234 | -7/Recycling | Destroyed by Y-54 Guardian with Flak Gun Last Messages --------------- 03985_ 7A-SAB(R) destroyed. 03985_ CP-WES(R) destroyed. 03993_ Battle Cannon destroyed. 04001_ R-06 Scavenger collects Sub. Monowheel. 04004_ Y-54 Guardian destroyed. 04004_ R-06 Scavenger collects Imp. Heat Sink. 04007_ R-06 Scavenger collects Flak Gun. 04010_ R-06 Scavenger collects Lgt. Treads. 04021_ Acquired 1 matter. 04032_ Acquired 2 matter. 04036_ Acquired 20 matter. 04039_ Acquired 38 matter. 04043_ Acquired 4 matter. 04222_ Y-54 Guardian springs to life. 04222_ Y-54 Guardian suffers critical hit (Destroy). 04222_ Destroyed Imp. Heat Sink. 04225_ Y-54 Guardian suffers critical hit (Destroy). 04225_ Destroyed Lgt. Treads. 04234_ Y-54 Guardian heat damages Imp. Heat Sink. 04234_ Destroyed Imp. Heat Sink. Map ----- +----------------------------------------------------+ | ????????????????????????????????????????? | | ????????????????????????????????????????? | | ????????????????????????????????????????? | | ????????????????????????????????????????? | | ????????????????????????????????????????? | | ????????????????????????????????????????? | | ????????????????????????????????????????? | | ????????????????????????????????????????? | | ????????????????????????????????????????? | | ????????????????????????????????????????? | | ????????????????????????????????????????? | | ????????????????????????????????????????? | | ????????????????????????????????????????? | | ????????????????????????????????????????? | | ????????????????????????????????????????? | | ????????????????????????????????????????? | | ????????????????????????????????????????? | | ????????????????????????????????????????? | | ????????????????????????????????????????? | | ????????????????????????????????????????? | | ????????????????????????????????????????? | | ????????????????????????????????????????? | | ????????????????????????????????????????? | | ????????#####????###????????????????????? | | ????????# #####Y;##### #???????????? | | ????????# @gr% #???????????? | | ????????# ############+#??????????????? | | ????????## ##???????????????????????????? | | ??######## #????????????????????????????? | | ??# #????????????????????????????? | | ??# #????????????????????????????? | | ??# """ #????????????????????????????? | | ??# """ #????????????????????????????? | | ??# """ #????????????????????????????? | | ??# #????????????????????????????? | | ??# #????????????????????????????? | | ??######## #????????????????????????????? | | ?????????# #????????????????????????????? | | ?????????# #????????????????????????????? | | ?????????# #????????????????????????????? | | ?????????# #????????????????????????????? | | ?????????# ##########???????????????????? | | ?????##### # #???????????????????? | | ?????# # #???????????????????? | | ?????# # """ #???????????????????? | | ?????# + """ #???????????????????? | | ?????# # """ #???????????????????? | | ?????# # #???????????????????? | | ?????## ## """ #???????????????????? | | ?????## ## """ #???????????????????? | +----------------------------------------------------+ Best States ------------- Heat Dissipation 25 Energy Generation 15 Energy Capacity 250 Matter Stores 300 Matter Capacity 300 Sight Range 16 Terrain Scan Density 10 ECM Strength 1 Armor Coverage 800 Evasion (%) 44 Recoil Reduction 2 Item Schematics ----------------- None Robot Schematics ------------------ None Fabricated ------------ Nothing Alien Tech Used ----------------- None Achievements -------------- None Challenges ------------ None Game ------ Seed TerrabombRingTreads Manual? 0 Play Time 00:19:48 Cumulative 121.2 hours Start 2024.10.22 @ 10:45:32 End 2024.10.22 @ 11:04:53 Sessions 1 Manual Loads 0 Difficulty Rogue Special Mode None Game No. 205 Rogue 205 Adventurer 0 Explorer 0 Win Type - Total 1 Types 1/0/0/0/0/0/0/0/0 Lore% 51 Gallery% 59 Achievement% 46 Wizard Run 0 Options --------- Layout 0 ASCII 0 Keyboard 1 Movement Numpad Keybinds 0 Fullscreen 2 Font 18/SmallcapsGlow Map View 76x50 Zoom Use 0% Tactical HUD 1 Map Filters NONE Filters NONE Steam 1 RUN: 1e2195ad-46ab-4828-aae8-d224c841fd3e